 Dungeon Crawl Stone Soup version 0.27.1-33-g824d729ab1 (webtiles) character file.

Game seed: 16062305532192371984

207 sking99 the Ruffian (level 5, -5/46 HPs)
             Began as a Ghoul Fighter on Dec 10, 2021.
             Slain by a black bear (6 damage)
             ... on level 4 of the Dungeon.
             The game lasted 00:03:39 (3166 turns).

sking99 the Ruffian (Ghoul Fighter)                 Turns: 3166, Time: 00:03:40

Health: -5/46      AC:  6    Str: 20    XL:     5   Next: 85%
Magic:  4/4        EV:  7    Int:  3    God:
Gold:   69         SH:  9    Dex:  9    Spells: 4/4 levels left

rFire    + . .     SeeInvis .     - Unarmed
rCold    + . .     Faith    .   b - +0 kite shield
rNeg     + + +     Spirit   .   a - +0 scale mail
rPois    ∞         Reflect  .   (no helmet)
rElec    .         Harm     .   (no cloak)
rCorr    .         Rampage  .   (no gloves)
Will     .....                  (no boots)
Stlth    ..........             (no amulet)
HPRegen  0.00/turn              f - ring of protection from fire
MPRegen  0.09/turn              (no ring)

@: inhibited regen
A: claws 1, cold resistance 1, negative energy resistance 3, inhibited
regeneration, torment resistance 2
a: no special abilities


You were on level 4 of the Dungeon.
You visited 1 branch of the dungeon, and saw 4 of its levels.

You collected 69 gold pieces.

Inventory:

Armour
 a - a +0 scale mail (worn)
 b - a +0 kite shield (worn)
Jewellery
 f - a ring of protection from fire (left claw)
 i - a ring of fire
Scrolls
 e - 4 scrolls of identify {unknown}
 h - a scroll of magic mapping {unknown}
 k - a scroll of enchant weapon {unknown}
 l - a scroll of blinking {unknown}
 m - 2 scrolls of noise {unknown}
 n - a scroll of enchant armour {unknown}
 o - 2 scrolls of amnesia {unknown}
Potions
 c - a potion of might
 d - a potion of curing {unknown}
 g - a potion of attraction {unknown}
 j - a potion of ambrosia {unknown}


   Skills:
 + Level 4.3 Fighting
 + Level 3.4 Armour
 + Level 3.5 Shields
 * Level 4.3 Unarmed Combat


You had 4 spell levels left.
You didn't know any spells.
Your spell library contained the following spells:

 Spells                   Type           Power      Damage    Failure   Level
 Petrify                  Tmut/Erth      0%         N/A       100%        4
 Irradiate                Conj/Tmut      0%         3d13      100%        5
 Sublimation of Blood     Necr           Unusable   N/A       N/A         2

Dungeon Overview and Level Annotations

Branches:
Dungeon (4/15)
 Temple: D:4-7

Altars:

Shops:
D:3 (


Innate Abilities, Weirdness & Mutations

You thrive by killing the living.
You are immune to poison.
You have sharp fingernails.
Your flesh is cold resistant. (rC+)
You are immune to negative energy. (rN+++)
You do not regenerate when monsters are visible.
You are immune to unholy pain and torment.


Message History

The black bear barely misses you. You block the black bear's attack.
The black bear claws you. You block the orc's attack.
You scratch the black bear.
The black bear is heavily wounded.
The black bear bites you but does no damage.
The black bear claws you but does no damage. x2
The orc barely misses you.
You claw the black bear!
The black bear is almost dead.
The black bear goes berserk!
The orc hits you but does no damage.
Unknown command.
You closely miss the black bear.
The black bear is almost dead.
The black bear bites you. The black bear claws you. x2
The orc hits you with a +0 falchion. You block the black bear's attack.
The black bear claws you. The black bear barely misses you.
You scratch the black bear but do no damage.
The black bear is almost dead.
The black bear bites you.
* * * LOW HITPOINT WARNING * * *
The black bear claws you but does no damage.
The black bear claws you.
* * * LOW HITPOINT WARNING * * *
The orc hits you with a +0 falchion.
* * * LOW HITPOINT WARNING * * *
You block the black bear's attack. x2; The black bear barely misses you.
The orc hits you with a +0 falchion.
* * * LOW HITPOINT WARNING * * *
You block the black bear's attack.
The black bear claws you but does no damage.
The black bear closely misses you. The black bear completely misses you.
The black bear claws you but does no damage.
You block the black bear's attack. You block the black bear's attack.
The black bear claws you.
* * * LOW HITPOINT WARNING * * *
The black bear claws you.
* * * LOW HITPOINT WARNING * * *
You block the black bear's attack. The black bear claws you.
You die...

8...8 ... ### ##>##
#..# ...####### #..#
##...#...#####..#
..........!.....####
...................
................#
#...........@..#
#..#.##.#####h.# #
#<...o...#
#.#####..# #.# #..#
#<# #..# #.# #..#
#.# #..# #.# #..#


You could see a black bear (berserk).

Vanquished Creatures
  An orc wizard (D:3)
  4 adders
  4 gnolls (D:2)
  3 worms
  5 dart slugs
  5 orcs (D:3)
  6 bats
  2 endoplasms (D:1)
  4 giant cockroaches
  5 hobgoblins
  4 jackals (D:3)
  7 kobolds
  5 quokkas
  10 ball pythons
  5 frilled lizards
  8 goblins
  7 rats
85 creatures vanquished.

Vanquished Creatures (others)
  10 plants (D:2)
10 creatures vanquished.

Grand Total: 95 creatures vanquished

Notes
Turn   | Place    | Note
-------+----------+-------------------------------------------
     0 | D:1      | sking99 the Ghoul Fighter began the quest for the Orb.
     0 | D:1      | Reached XP level 1. HP: 19/19 MP: 0/0
   119 | D:1      | Reached XP level 2. HP: 19/26 MP: 1/1
   532 | D:1      | Reached XP level 3. HP: 31/31 MP: 2/2
  1171 | D:2      | Reached XP level 4. HP: 39/40 MP: 3/3
  1208 | D:2      | Found a faded altar of an unknown god.
  1540 | D:2      | Reached XP level 5. HP: 23/46 MP: 4/4
  2672 | D:3      | Found Xugyryule's Antique Weapon Shoppe.
  3148 | D:4      | Noticed a black bear
  3164 | D:4      | HP: 1/46 [black bear (3)]
  3166 | D:4      | Slain by a black bear

Illustrated notes

Levels and vault maps discovered:
D:1:      mushboom_english_gardens, layout_loops_ring, minmay_misc_feat_chi
D:2:      layout_loops_ring, chequers_ecumenical_altar_lobes
D:3:      layout_basic, serial_shops, nicolae_shop_trees,
          grunt_decor_mini_mirrors
D:4:      layout_basic, nicolae_overflow_hidden_temple,
          ebering_ghost_disaster_area, uniq_menkaure

Skill      XL: |  1  2  3  4  5 |
---------------+----------------+-----
Unarmed Combat | 3 4 |  4.3
Shields        | 3 |  3.5
Armour         | 3 |  3.4
Fighting       | 4 |  4.3

Action                   |  1- 3 |  4- 6 || total
-------------------------+-------+-------++-------
Melee: Unarmed           |   132 |   203 ||   335
Armor: Scale mail        |    52 |    71 ||   123
Dodge: Dodged            |    57 |    64 ||   121
Block: Kite shield       |    73 |    92 ||   165
